 Dungeon Crawl Stone Soup version 0.30-a0-830-gfe289a77b0 (webtiles) character file.

Game seed: 15394761987766983079

1904 xCaptainCorsairx the Cudgeller (level 8, -10/66 HPs)
             Began as a Demonspawn Gladiator on Mar 1, 2023.
             Was an Elder of Vehumet.
             Killed from afar by an acid dragon (31 damage)
             ... with a splash of acid
             ... on level 9 of the Dungeon.
             The game lasted 00:27:04 (4066 turns).

xCaptainCorsairx the Cudgeller (DsGl)               Turns: 4066, Time: 00:27:05

Health: -10/66     AC: 11    Str: 21    XL:     8   Next: 94%
Magic:  13/13      EV: 13    Int: 14    God:    Vehumet [****..]
Gold:   269        SH:  4    Dex: 14    Spells: 14/14 levels left

rFire   . . .      SeeInvis .    o - +0 war axe (elec)
rCold   + . .      Faith    .    j - +0 buckler
rNeg    . . .      Spirit   .    h - +3 scale mail "Mulag" {rC+}
rPois   .          Reflect  .    (helmet restricted)
rElec   .          Harm     .    (no cloak)
rCorr   .          Rampage  .    q - +0 pair of gloves
Will    .....                    (no boots) Stlth
                                 (no amulet)
HPRegen 0.31/turn                i - +4 ring of protection
MPRegen 0.13/turn                n - +6 ring of intelligence

@: corroded
A: antennae 2, repulsion field 1, spiny 2, hooves 1, robust 1, strong 1
a: Renounce Religion


You were on level 9 of the Dungeon.
You worshipped Vehumet.
Vehumet was greatly pleased with you.
You visited 1 branch of the dungeon, and saw 9 of its levels.

You collected 383 gold pieces.
You spent 114 gold pieces at shops.

Inventory:

Hand Weapons
 a - a +0 flail
 o - a +0 war axe of electrocution (weapon)
Missiles
 d - 3 throwing nets (quivered)
 e - a javelin
Armour
 c - a +0 helmet
 g - a +0 ring mail
 h - the +3 scale mail "Mulag" (worn) {rC+}
   (You found it on level 2 of the Dungeon)

   rC:        It protects you from cold.
 j - a +0 buckler (worn)
 q - a +0 pair of gloves (worn)
Magical Staves
 y - a staff of cold
Jewellery
 i - a +4 ring of protection (left hand)
 n - a +6 ring of intelligence (right hand)
Wands
 f - a wand of iceblast (9)
 s - a wand of mindburst (9)
 x - a wand of paralysis (14)
 C - a wand of flame (54)
Scrolls
 k - a scroll of enchant weapon {unknown}
 l - 5 scrolls of teleportation {unknown}
 m - a scroll of silence
 p - 2 scrolls of amnesia {unknown}
 t - a scroll of poison {unknown}
 u - a scroll of identify
 v - a scroll of fear {unknown}
 w - a scroll of blinking {unknown}
Potions
 b - 2 potions of ambrosia
 r - a potion of attraction {unknown}
 z - a potion of flight {unknown}
 B - a potion of cancellation {unknown}


   Skills:
 + Level 4.0 Fighting
 + Level 4.5(5.7) Axes
 + Level 5.3(6.1) Maces & Flails
 - Level 1.8 Throwing
 + Level 4.7 Armour
 + Level 4.2 Dodging
 + Level 1.0 Stealth
 + Level 1.8 Shields
 * Level 3.5 Spellcasting
 + Level 0.7 Evocations


You had 14 spell levels left.
You didn't know any spells.
Your spell library was empty.

Dungeon Overview and Level Annotations

Branches:
Dungeon (9/15)             Temple (0/1) D:4
   Lair: D:8-11         Orc: D:9-12

Altars:
Makhleb
Sif Muna
Vehumet
Wu Jian

Shops:
D:2 (   D:5 *


Innate Abilities, Weirdness & Mutations

You have a pair of antennae on your head.
You are surrounded by a mild repulsion field. (EV +2)
You are mostly covered in sharp spines.
You have large cloven feet.
You are robust. (+10% HP)
Your muscles are strong. (Str +4, Int/Dex -1)


Message History

There is an escape hatch in the floor here.
You slide downwards.
The hatch slams shut behind you.
Found a scroll labelled MYMEGUZANI.
l - 5 scrolls labelled MYMEGUZANI (gained 1)
Found a stone staircase leading up.
An acid dragon comes into view.
The acid dragon roars!
The acid dragon spits acid at you. The splash of acid hits you!
The acid corrodes you!
You slash the acid dragon!
The acid dragon is moderately wounded.
The acid dragon spits acid at you. The splash of acid hits you!
You barely miss the acid dragon.
The acid dragon is moderately wounded.
The acid dragon bites you but does no damage.
The acid dragon claws you but does no damage.
You barely miss the acid dragon.
You kick the acid dragon, but do no damage.
The acid dragon is moderately wounded.
The acid dragon spits acid at you. The splash of acid hits you!!
* * * LOW HITPOINT WARNING * * *
Aiming: Throw Flame
Press: ? - help, Q - select action, (/) - cycle Shift-Dir - straight line, f - acid dragon
Aim: an acid dragon (moderately wounded, 68% to hit)
The puff of flame hits the acid dragon!
The acid dragon is heavily wounded.
The acid dragon bites you!
* * * LOW HITPOINT WARNING * * *
The acid dragon barely misses you.
You feel better. The acid dragon misses you. x2
Aiming: Throw Flame
Press: ? - help, Q - select action, (/) - cycle Shift-Dir - straight line, f/p - acid dragon
Aim: an acid dragon (heavily wounded, 68% to hit)
The puff of flame hits the acid dragon.
The acid dragon is severely wounded.
The acid dragon spits acid at you. The splash of acid hits you!!
You die...

#.........#
#.#######.############
# #..............
#..#####.....# #..#
#.....# #..# #.....#
######..# #.....#
#.......#####.....##
#.###.........@D...#
#..######<.....# #..
........... #..
########.### #.. # #..
... ...


You could see an acid dragon (catching breath).

Vanquished Creatures
  3 yaks (D:8)
  A wyvern (D:8)
  An ice beast (D:7)
  An orc warrior (D:7)
  An ogre (D:3)
  A phantom (D:4)
  2 bullfrogs (D:6)
  A kobold brigand (D:8)
  4 scorpions
  3 hounds
  A jelly (D:7)
  2 gnoll boudas
  2 iguanas
  3 orc wizards
  10 gnolls
  3 adders
  A shadow imp (D:5)
  A white imp (D:6)
  An ufetubus (D:4)
  A worm (D:4)
  A dart slug (D:2)
  12 orcs
  5 ball pythons
  7 endoplasms
  3 giant cockroaches
  2 hobgoblins (D:3)
  6 jackals
  4 quokkas
  10 bats
  A frilled lizard (D:2)
  5 goblins
  11 kobolds
  2 rats (D:1)
112 creatures vanquished.

Vanquished Creatures (others)
  5 fungi (D:8)
  48 plants (D:7)
53 creatures vanquished.

Grand Total: 165 creatures vanquished

Notes
Turn   | Place    | Note
-------+----------+-------------------------------------------
     0 | D:1      | xCaptainCorsairx the Demonspawn Gladiator began the quest
                  | for the Orb.
     0 | D:1      | Reached XP level 1. HP: 16/16 MP: 1/1
    73 | D:1      | Found a faded altar of an unknown god.
    77 | D:1      | Prayed at the altar of an unknown god.
    77 | D:1      | Became a worshipper of Vehumet
    77 | D:1      | Reached * piety under Vehumet
    77 | D:1      | Offered knowledge of Shock by Vehumet.
   261 | D:1      | Reached skill level 3 in Maces & Flails
   303 | D:1      | Gained mutation: You are partially covered in sharp spines.
                  | [demonic ancestry]
   303 | D:1      | Reached XP level 2. HP: 22/22 MP: 2/2
   563 | D:1      | Offered knowledge of Searing Ray by Vehumet.
   754 | D:2      | Reached ** piety under Vehumet
   755 | D:2      | Gained mutation: You have a pair of small antennae on your
                  | head. [demonic ancestry]
   755 | D:2      | Reached XP level 3. HP: 27/27 MP: 3/3
   926 | D:2      | Gained mutation: You are strong-willed. (Will+) [potion of
                  | mutation]
   926 | D:2      | Gained mutation: You possess an exceptional clarity of
                  | mind. [potion of mutation]
   997 | D:2      | Identified the +3 scale mail "Mulag" {rC+}
  1013 | D:2      | Found Woegiu's Antique Weapon Emporium.
  1106 | D:2      | Found a burning altar of Makhleb.
  1184 | D:3      | Noticed an ogre
  1195 | D:3      | Killed an ogre
  1196 | D:3      | Reached skill level 4 in Maces & Flails
  1196 | D:3      | Reached XP level 4. HP: 6/34 MP: 4/4
  1196 | D:3      | Reached XP level 5. HP: 7/39 MP: 5/5
  1536 | D:3      | Lost mutation: You are strong-willed. (Will+) [potion of
                  | mutation]
  1536 | D:3      | Lost mutation: You possess an exceptional clarity of mind.
                  | [potion of mutation]
  1536 | D:3      | Gained mutation: Your muscles are strong. (Str +4, Int/Dex
                  | -1) [potion of mutation]
  1536 | D:3      | Gained mutation: You have large cloven feet. [potion of
                  | mutation]
  1536 | D:3      | Gained mutation: You are robust. (+10% HP) [potion of
                  | mutation]
  1858 | D:4      | Noticed a phantom
  1872 | D:4      | Killed a phantom
  1872 | D:4      | Offered knowledge of Stone Arrow by Vehumet.
  1873 | D:4      | Reached skill level 1 in Armour
  1922 | D:4      | Gained mutation: You are mostly covered in sharp spines.
                  | [demonic ancestry]
  1922 | D:4      | Reached XP level 6. HP: 50/50 MP: 6/6
  2034 | D:4      | Found a staircase to the Ecumenical Temple.
  2057 | D:4      | Reached skill level 5 in Maces & Flails
  2112 | D:4      | Reached *** piety under Vehumet
  2195 | D:5      | Entered Level 5 of the Dungeon
  2663 | D:5      | Found Ykostreg's General Store.
  2673 | D:5      | Bought a scroll of summoning for 114 gold pieces
  2717 | D:5      | Found an ornate altar of the Wu Jian Council.
  2726 | D:5      | Noticed a spectral centipede
  2726 | D:5      | Noticed a spectral black mamba
  2726 | D:5      | Noticed a spectral cane toad
  2801 | D:5      | Reached skill level 1 in Shields
  2804 | D:5      | Reached skill level 1 in Axes
  2811 | D:5      | Reached skill level 1 in Spellcasting
  2811 | D:5      | Gained mutation: You have a pair of antennae on your head.
                  | [demonic ancestry]
  2811 | D:5      | Reached XP level 7. HP: 32/57 MP: 8/8
  2940 | D:6      | Offered knowledge of Sticky Flame by Vehumet.
  3279 | D:7      | Found a burning altar of Makhleb.
  3341 | D:7      | Gained mutation: You are surrounded by a mild repulsion
                  | field. (EV +2) [demonic ancestry]
  3341 | D:7      | Reached XP level 8. HP: 37/63 MP: 11/11
  3429 | D:7      | Reached skill level 1 in Stealth
  3545 | D:8      | Reached **** piety under Vehumet
  3674 | D:8      | Found a shimmering blue altar of Sif Muna.
  4066 | D:9      | Killed from afar by an acid dragon

Illustrated notes

Levels and vault maps discovered:
D:1:      dreamdust_arrival_sigmund_warning, layout_loops_ring,
          nicolae_ecumenical_lake_church, chequers_arboretum,
          kennysheep_pointless_box
D:2:      layout_rooms, serial_shops, nicolae_shop_behind_doors, basic_altar,
          hangedman_decor_clover_reticule
D:3:      layout_basic, grunt_temple_overflow_bloody_war
D:4:      layout_gridville, minmay_temple_entry_statues_fountains,
          feat_on_display
D:5:      layout_basic, pdpol_wu_jian_five_deadly_venoms, serial_shops,
          kennysheep_mini_moat, serial_glass, glass_columns_b, glass_columns_c,
          corexii_hall_statues_i
D:6:      layout_loops_corners
D:7:      layout_loops_ring, makhleb_heckhound_becter, serial_bayou,
          serial_bayou_lagoon_a, serial_bayou_lake_a, serial_bayou_pond_a,
          serial_bayou_pond_a, serial_bayou_pond_d, hangedman_decor_opposing,
          st_stairs_4, uniq_prince_ribbit1
D:8:      layout_layer_cave, kennysheep_little_box,
          mainiacjoe_overflow_alcove_4, dreamdust_mushroom_princess
D:9:      layout_basic, lair_entry_dummy

Skill      XL: |  1  2  3  4  5  6  7  8 |
---------------+-------------------------+-----
Maces & Flails | 3 4 5 |  5.3
Dodging        | 3 4 |  4.2
Armour         | 1 2 3 4 |  4.7
Fighting       | 3 4 |  4.0
Shields        | 1 |  1.8
Axes           | 1 3 4 |  4.5
Spellcasting   | 1 2 3 |  3.5
Stealth        | 1 |  1.0
Throwing       | |  1.8
Evocations     | |  0.7

Action                     |  1- 3 |  4- 6 |  7- 9 || total
---------------------------+-------+-------+-------++-------
  Melee: Flail             |    63 |    23 |       ||    86
         War axe           |       |    38 |    80 ||   118
         Kick              |       |     9 |    29 ||    38
  Evoke: Wand              |       |     1 |     4 ||     5
    Use: Potion            |     5 |     1 |     1 ||     7
         Scroll            |     3 |     1 |       ||     4
 Armour: Ring mail         |    40 |       |       ||    40
         Leather armour    |     3 |       |       ||     3
         Scale mail        |     6 |    39 |    29 ||    74
  Dodge: Dodged            |    52 |    36 |    54 ||   142
  Block: Buckler           |    10 |    11 |    13 ||    34

Table legend: (Time is in decaauts)
 A = Elapsed time spent in this place.
 B = Non-inter-level travel time spent in this place.
 C = Inter-level travel time spent in this place.
 D = Time resting spent in this place.
 E = Time spent auto-exploring this place.
 F = Levels seen in this place.
 G = Mean time per level.
                   A        B        C        D        E       F      G
               +--------+--------+--------+--------+--------+-----+--------+
         Total |   4157 |   4157 |      0 |      0 |      0 |   9 |  461.9 |
       Dungeon |   4157 |   4157 |      0 |      0 |      0 |   9 |  461.9 |
               +--------+--------+--------+--------+--------+-----+--------+

Top non-repeatable levels by time:
     D:1: 673 daAuts
     D:5: 666 daAuts
     D:4: 537 daAuts
     D:8: 536 daAuts
     D:3: 529 daAuts
     D:2: 491 daAuts
     D:6: 428 daAuts
     D:7: 266 daAuts
     D:9: 28 daAuts
